 Dungeon Crawl Stone Soup version 0.14-a0-3445-g2afddda (webtiles) character file.

100 MrRokkomies the Ruinous (level 3, 0/21 HPs)
             Began as an Octopode Conjurer on Mar 23, 2014.
             Was an Initiate of Sif Muna.
             Slain by Sigmund
             ... wielding a +0,+0 scythe
              (6 damage)
             ... on Level 3 of the Dungeon.
             The game lasted 00:06:32 (1665 turns).

MrRokkomies the Ruinous (Octopode Conjurer)         Turns: 1665, Time: 00:06:32

HP   0/21        AC  1     Str  8      XL: 3   Next: 85%
MP   2/6         EV 12     Int 17      God: Sif Muna [......]
Gold 48          SH  0     Dex 13      Spells:  2 memorised,  3 levels left

rFire  . . .     SeeInvis .     q - +1 spear (chaos)
rCold  . . .     Clarity  .     (no shield)
rNeg   . . .     Conserve .     (helmet restricted)
rPois  +         rCorr    .     (no amulet)
rElec  .         rRot     .     a - ring of poison resistance
SustAb . .       Spirit   .     o - +1 ring of dexterity
rMut   .         Warding  .     (no ring)
Saprov . . .     Stasis   .     (no ring)
MR     .....                    (no ring)
                                (no ring)
                                (no ring)
                                (no ring)

@: not resistant to hostile enchantments, quite stealthy
A: almost no armour, amphibious, 8 rings, constrict 8, camouflage 1, gelatinous
body 1
a: Renounce Religion


You were on level 3 of the Dungeon.
You worshipped Sif Muna.
Sif Muna was noncommittal.
You were not hungry.

You visited 1 branch of the dungeon, and saw 3 of its levels.

You collected 48 gold pieces.

Inventory:

Hand weapons
 e - a +1,+4 dagger
 q - a +1,+1 spear of chaos (weapon)
Missiles
 d - 15 darts (quivered)
Comestibles
 b - 5 bread rations
 j - 2 meat rations
 s - a rotting chunk of kobold flesh
Scrolls
 h - 2 scrolls of enchant weapon II
 i - 3 scrolls of teleportation
 n - 5 scrolls of identify
Jewellery
 a - a ring of poison resistance (left tentacle)
 f - an uncursed amulet of guardian spirit
 o - a +1 ring of dexterity (right tentacle)
Potions
 g - a potion of heal wounds {unknown}
 l - a potion of invisibility {unknown}
 m - a potion of curing
Books
 c - a book of Conjurations

   Spells                             Type                      Level
   *Magic Dart                        Conjuration                  1
   *Searing Ray                       Conjuration                  2
   Dazzling Spray                     Conjuration/Hexes            3
   Fulminant Prism                    Conjuration/Hexes            4
   Iskenderun's Mystic Blast          Conjuration                  4
   Iskenderun's Battlesphere          Conjuration/Charms           5


   Skills:
 * Level 2.3 Dodging
 - Level 2.6 Stealth
 - Level 2.0 Spellcasting
 + Level 5.2 Conjurations


You had 3 spell levels left.
You knew the following spells:

 Your Spells              Type           Power        Failure   Level  Hunger
a - Magic Dart            Conj           ###.         2%          1    #......
b - Searing Ray           Conj           ###...       3%          2    ###....


Dungeon Overview and Level Annotations

Branches:
Dungeon (3/15)

Altars:
Cheibriados
Nemelex Xobeh
Sif Muna
Xom
The Shining One

Annotations:
D:3 Sigmund


Innate Abilities, Weirdness & Mutations

You cannot wear most types of armour.
You are amphibious.
You can wear up to eight rings at the same time.
You can use your tentacles to constrict many enemies at once.
Your skin changes colour to match your surroundings (Stlth).
Your rubbery body absorbs attacks (AC +1).


Message History

Aim: Sigmund, wielding a scythe and wearing a robe (moderately wounded)
You reach to attack!
You barely miss Sigmund.
Sigmund is moderately wounded.
Attack whom?
Press: ? - help, Dir - move target cursor, f/p - Sigmund
Aim: Sigmund, wielding a scythe and wearing a robe (moderately wounded)
You reach to attack!
You closely miss Sigmund.
Sigmund is moderately wounded.
Sigmund points at you and mumbles some strange words.
The magic dart hits you!
Attack whom?
Press: ? - help, Dir - move target cursor, f/p - Sigmund
Aim: Sigmund, wielding a scythe and wearing a robe (moderately wounded)
You reach to attack!
You hit Sigmund. You freeze Sigmund.
Sigmund is heavily wounded.
Sigmund casts a spell at you. The magic dart hits you!
* * * LOW HITPOINT WARNING * * *
Sigmund hits you from afar with a scythe.
You die...

### ........
........# .
.......#...
......#.. .......
#@...#
####.##....#####.
........@........
...#.#####.#...##
.. . ... ###


You could see Sigmund.

Vanquished Creatures
  A gnoll (D:2)
  An adder (D:2)
  An inept feature mimic (D:2)
  A giant gecko (D:2)
  A ball python (D:2)
  2 giant cockroaches (D:1)
  5 goblins
  A hobgoblin (D:1)
  5 bats
  A giant newt (D:2)
  4 kobolds
  7 rats
30 creatures vanquished.

Notes
Turn   | Place    | Note
--------------------------------------------------------------
     0 | D:1      | MrRokkomies, the Octopode Conjurer, began the quest for the Orb.
     0 | D:1      | Reached XP level 1. HP: 11/11 MP: 3/3
   233 | D:1      | Reached XP level 2. HP: 17/17 MP: 4/4
   248 | D:1      | Learned a level 2 spell: Searing Ray
   847 | D:2      | Found a sparkling altar of Nemelex Xobeh.
   987 | D:2      | Reached XP level 3. HP: 4/21 MP: 0/6
  1293 | D:2      | Reached skill level 5 in Conjurations
  1438 | D:2      | Found a snail-covered altar of Cheibriados.
  1438 | D:2      | Found a deep blue altar of Sif Muna.
  1439 | D:2      | Found a glowing golden altar of the Shining One.
  1446 | D:2      | Became a worshipper of Sif Muna the Loreminder
  1642 | D:2      | Found a shimmering altar of Xom.
  1653 | D:3      | Noticed Sigmund
  1665 | D:3      | Slain by Sigmund

Action                   || total
-------------------------++-------
Melee: Unarmed           ||    10
       Spear             ||    19
       Dagger            ||    14
Throw: Dart              ||     5
 Cast: Magic Dart        ||    29
       Searing Ray       ||     1
  Use: Scroll            ||     5
 Stab: Sleeping          ||     4
